 Dungeon Crawl Stone Soup version 0.30.1-11-g7821555f0a (webtiles) character file.

Game seed: 17558626261571561169

3628 lonewolfV2 the Basher (level 10, -3/80 HPs)
             Began as a Formicid Fighter on Nov 2, 2023.
             Slain by a mummy (8 damage)
             ... in an ossuary.
             The game lasted 00:12:57 (8052 turns).

lonewolfV2 the Basher (Formicid Fighter)            Turns: 8052, Time: 00:12:58

Health: -3/80      AC: 13    Str: 21    XL:     10   Next: 33%
Magic:  10/10      EV: 12    Int:  8    God:
Gold:   467        SH:  6    Dex: 17    Spells: 9/9 levels left

rFire   . . .        g - +9 flail of Cybap {speed, Str+3}
rCold   + . .        c - +1 buckler
rNeg    . . .        D - +1 chain mail of the True Pharaoh {rC+ Will+++ Str-5 Dex+2}
rPois   .            (helmet unavailable)
rElec   .            u - scarf {repulsion}
rCorr   +            y - +0 pair of gloves
SInv    +            (no boots)
Will    ++++.        (no amulet) Stlth
                     k - ring of resist corrosion
HPRegen 0.33/turn    (no ring)
MPRegen 0.12/turn

%: repel missiles
@: no status effects
A: permanent stasis, dig shafts and tunnels, antennae 3, four strong arms
a: Dig


You were in an ossuary.
You visited 2 branches of the dungeon, and saw 9 of its levels.
You also visited: Ossuary.

You collected 467 gold pieces.

Inventory:

Hand Weapons
 a - a +0 war axe of protection
 g - the +9 flail of Cybap (weapon) {speed, Str+3}
   (You found it on level 2 of the Dungeon)

   Str:       It affects your strength (+3).
 m - a +5 heavy scythe
Armour
 b - a +0 scale mail
 c - a +1 buckler (worn)
 u - a scarf of repulsion (worn)
 y - a +0 pair of gloves (worn)
 D - the +1 chain mail of the True Pharaoh (worn) {rC+ Will+++ Str-5 Dex+2}
   (You found it on level 8 of the Dungeon)

   Str:       It affects your strength (-5).
   Dex:       It affects your dexterity (+2).
   rC:        It protects you from cold.
   Will:      It greatly increases your willpower.
Jewellery
 k - a ring of resist corrosion (left hand)
 x - a ring of fire
Wands
 h - a wand of polymorph (4)
 s - a wand of flame (18)
 A - a wand of light (7)
Scrolls
 l - a scroll of vulnerability
 n - 2 scrolls of teleportation
 p - a scroll of enchant armour
 r - 2 scrolls of amnesia
 C - a scroll of fear
 E - a scroll of fog {unknown}
Potions
 d - 2 potions of might
 e - 4 potions of haste
 f - 3 potions of attraction
 i - 2 potions of berserk rage
 j - 5 potions of flight
 o - 2 potions of brilliance
 q - 2 potions of curing
 t - 2 potions of resistance {unknown}
 v - 3 potions of mutation {unknown}
 w - a potion of magic {unknown}
 z - a potion of degeneration {unknown}
 B - a potion of heal wounds {unknown}


   Skills:
 + Level 7.9 Fighting
 - Level 3.3(6.5) Axes
 * Level 8.8(9.1) Maces & Flails
 - Level 7.4 Armour
 - Level 7.7 Dodging
 - Level 4.0 Shields


You had 9 spell levels left.
You didn't know any spells.
Your spell library contained the following spells:

 Spells                   Type           Power      Damage    Failure   Level
 Lesser Beckoning         Tloc           0%         N/A       99%         2
 Momentum Strike          Conj/Tloc      0%         3d8       99%         2
 Poisonous Vapours        Pois/Air       0%         N/A       99%         2
 Mephitic Cloud           Conj/Pois/Air  0%         N/A       100%        3
 Freezing Cloud           Conj/Ice/Air   0%         6-21      100%        5
 Blink                    Tloc           Unusable   N/A       N/A         2

Dungeon Overview and Level Annotations

Branches:
Dungeon (8/15)             Temple (1/1) D:4         Ossuary (1/1)
   Lair: D:8-11

Altars:
Cheibriados
Dithmenos
Elyvilon
Fedhas
Gozag
Kikubaaqudgha
Nemelex Xobeh
Okawaru
Ru
Trog
Uskayaw
Vehumet
Yredelemnul
Zin

Annotations:
D:4 1 runed translucent door, Cheops's ghost, amateur MfIE


Innate Abilities, Weirdness & Mutations

You cannot be hasted, slowed, berserked, paralysed or teleported.
You can dig through walls and to a lower floor.
You have a pair of large antennae on your head. (SInv)
Your four strong arms can wield two-handed weapons with a shield.


Message History

You hit Menkaure.
Menkaure is heavily damaged.
The mummy hits you.
You sock Menkaure!
Menkaure is almost destroyed.
Menkaure hits you but does no damage.
Unknown command.
You completely miss Menkaure.
Menkaure is almost destroyed.
You block the mummy's attack. The mummy hits you.
You thump Menkaure!
You destroy Menkaure!
There is a click, and some walls slide away!
You block the mummy's attack. The mummy hits you but does no damage.
The mummy barely misses you. You block the mummy's attack.
You completely miss the mummy. You hit the mummy.
The mummy is moderately damaged.
The mummy barely misses you. You block the mummy's attack.
You thump the mummy!
The mummy is severely damaged.
The mummy barely misses you. You block the mummy's attack.
You thump the mummy!
You destroy the mummy!
The mummy hits you! x2
* * * LOW HITPOINT WARNING * * *
You closely miss the mummy. The mummy barely misses you.
You thump the mummy!
The mummy is heavily damaged.
The mummy barely misses you. The mummy completely misses you.
You bludgeon the mummy!!
You destroy the mummy!
You sock the mummy!
The mummy is heavily damaged.
The mummy hits you!
* * * LOW HITPOINT WARNING * * *
You hit the mummy.
The mummy is severely damaged.
The mummy hits you!
You die...

#....#....#{#..#
#....#.... #..# .
#....#... {+..# ..
#....... {#..#
...#......#### #..#
.............###..#
.............#.'..#
..!??.MM'....#.#..#
.!!$!!.@.....'.#..#
.!$∩$!..########..#
.??$??.......'.'..#
..???........#.#..#
.............#.#..#
.............###..#
...#......####.'..#
...#.........#.#..#
#....'.#..#


You could see 2 mummies.

Vanquished Creatures
  A hornet (D:7)
  Sigmund (D:3)
  2 wyverns
  Menkaure (Ossuary)
  A steam dragon (D:7)
  3 water moccasins
  Duvessa (D:4)
  A black bear (D:7)
  2 ice beasts
  An ogre (D:7)
  A centaur (D:8)
  An elf zombie (Ossuary)
  2 kobold brigands (D:3)
  3 bullfrogs
  A gnoll sergeant (D:5)
  8 wights
  Dowan (D:4)
  5 howler monkeys
  A centaur zombie (Ossuary)
  3 hounds
  A jelly (D:6)
  2 orc priests
  3 iguanas
  An orc wizard (D:6)
  4 mummies
  12 gnolls
  9 adders
  2 shadow imps (D:6)
  A white imp (D:5)
  An adder zombie (Ossuary)
  3 worms
  2 dart slugs
  14 orcs
  9 ball pythons
  7 endoplasms
  2 giant cockroaches
  9 goblins
  9 hobgoblins
  6 jackals
  5 quokkas
  6 bats
  5 frilled lizards
  A hobgoblin zombie (Ossuary)
  13 kobolds
  A kobold zombie (Ossuary)
  A quokka zombie (Ossuary)
  6 rats
175 creatures vanquished.

Vanquished Creatures (others)
  A kobold (D:3)
  A quokka (D:3)
2 creatures vanquished.

Grand Total: 177 creatures vanquished

Notes
Turn   | Place    | Note
-------+----------+-------------------------------------------
     0 | D:1      | lonewolfV2 the Formicid Fighter began the quest for the
                  | Orb.
     0 | D:1      | Reached XP level 1. HP: 18/18 MP: 1/1
   193 | D:1      | Reached XP level 2. HP: 20/24 MP: 2/2
   418 | D:1      | Reached XP level 3. HP: 25/30 MP: 3/3
   923 | D:2      | Identified the +9 flail of Cybap {speed, Str+3}
   926 | D:2      | Reached XP level 4. HP: 29/37 MP: 4/4
  1002 | D:2      | Reached XP level 5. HP: 40/42 MP: 5/5
  1528 | D:2      | Reached skill level 1 in Maces & Flails
  2010 | D:3      | Noticed Sigmund
  2022 | D:3      | Killed Sigmund
  2023 | D:3      | Reached skill level 2 in Maces & Flails
  2023 | D:3      | Reached XP level 6. HP: 29/49 MP: 6/6
  2376 | D:3      | Identified the +10 short sword of Lasti {heavy, rF+}
  2397 | D:3      | Reached skill level 3 in Maces & Flails
  2397 | D:3      | Reached XP level 7. HP: 38/55 MP: 7/7
  3378 | D:4      | Found a staircase to the Ecumenical Temple.
  3857 | D:4      | Noticed Duvessa
  3867 | D:4      | Killed Duvessa
  3867 | D:4      | Noticed Dowan
  3868 | D:4      | Reached skill level 5 in Fighting
  3884 | D:4      | Killed Dowan
  3885 | D:4      | Reached skill level 4 in Maces & Flails
  3885 | D:4      | Reached XP level 8. HP: 37/62 MP: 8/8
  4024 | D:4      | Found a runed translucent door.
  4027 | D:4      | Noticed Cheops's ghost (amateur MfIE)
  4190 | Temple   | Entered the Ecumenical Temple
  4680 | D:5      | Entered Level 5 of the Dungeon
  5173 | D:5      | Found a snail-covered altar of Cheibriados.
  5182 | D:5      | Reached skill level 5 in Maces & Flails
  6022 | D:6      | Reached XP level 9. HP: 69/69 MP: 9/9
  6032 | D:6      | Reached skill level 6 in Maces & Flails
  6776 | D:7      | Reached skill level 7 in Maces & Flails
  6835 | D:7      | Found a basalt altar of Yredelemnul.
  6932 | D:7      | Noticed a hornet
  6943 | D:7      | Killed a hornet
  6988 | D:7      | Found a white marble altar of Elyvilon.
  7539 | D:8      | Reached skill level 8 in Maces & Flails
  7539 | D:8      | Reached XP level 10. HP: 58/79 MP: 10/10
  7643 | D:8      | Identified the +1 chain mail of the True Pharaoh {rC+
                  | Will+++ Str-5 Dex+2}
  7903 | D:8      | Found a sand-covered staircase.
  7924 | Ossuary  | Entered an ossuary
  8031 | Ossuary  | Noticed Menkaure
  8041 | Ossuary  | Killed Menkaure
  8052 | Ossuary  | Slain by a mummy

Illustrated notes

Levels and vault maps discovered:
D:1:      tarquinn_simple_flora_water_e, layout_loops_ring,
          chequers_serial_rivers_micro_d, amcnicky_mini_pool_small,
          st_stairs_12, minmay_indecisive_spiral
D:2:      layout_loops_corners, minivault_23, guppyfry_early_orc_mine
D:3:      cheibrodos_thug_alley, layout_loops_ring, kennysheep_generic_room_12,
          uniq_sigmund
D:4:      layout_layer_cave, minmay_temple_entry_trees,
          ebering_ghost_inner_flame, uniq_duvessa
D:5:      layout_loops_ring, mainiacjoe_overflow_tiny_flanked
D:6:      layout_cave_pods
D:7:      layout_basic, mainiacjoe_overflow_boulevard, old_standard_altar
D:8:      layout_loops_ring, gup_ossuary_entry_pyramid
Temple:   bh_familiar_temple
Ossuary:  ossuary_boxes_badplayer

Skill      XL: |  1  2  3  4  5  6  7  8  9 |
---------------+----------------------------+-----
Axes           | 3 |  3.3
Armour         | 7 |  7.4
Dodging        | 7 |  7.7
Fighting       | 4 5 6 7 |  7.9
Maces & Flails | 2 3 4 5 8 |  8.8
Shields        | |  4.0

Action                     |  1- 3 |  4- 6 |  7- 9 | 10-12 || total
---------------------------+-------+-------+-------+-------++-------
  Melee: War axe           |    81 |       |       |       ||    81
         Flail             |       |    76 |   228 |    67 ||   371
Ability: Dig               |       |       |     1 |       ||     1
    Use: Scroll            |     7 |     1 |    12 |       ||    20
         Potion            |     1 |     2 |       |       ||     3
 Armour: Scale mail        |    31 |    22 |    45 |       ||    98
         Chain mail        |       |       |       |    16 ||    16
  Dodge: Dodged            |    35 |    51 |   120 |    30 ||   236
         Repelled          |       |       |     1 |       ||     1
  Block: Buckler           |    24 |    19 |    47 |    21 ||   111
